 Dungeon Crawl Stone Soup version 0.23.2-33-g5129a83184 (webtiles) character file.

Game seed: 9254074709690611782

1213 NochnoyZador the Basher (level 8, -5/48 HPs)
             Began as a Gargoyle Fighter on Aug 12, 2019.
             Slain by an ogre
             ... wielding a +0 giant spiked club
              (21 damage)
             ... on level 6 of the Dungeon.
             The game lasted 00:12:51 (4368 turns).

NochnoyZador the Basher (Gargoyle Fighter)          Turns: 4368, Time: 00:12:51

Health: -5/48      AC: 16    Str: 21    XL:     8   Next: 46%
Magic:  8/8        EV:  7    Int:  8    God:
Gold:   327        SH:  9    Dex: 11    Spells: 7/7 levels left

rFire    + . .     SeeInvis .   x - +0 mace (holy)
rCold    + . .     Gourm    .   c - +0 shield
rNeg     + . .     Faith    .   i - +2 scale mail {rC+}
rPois    ∞         Spirit   .   j - +0 helmet
rElec    +         Reflect  .   y - scarf {cloud immunity}
rCorr    .         Harm     .   k - +0 pair of gloves
MR       .....                  (no boots)
Stlth    ..........             (no amulet)
HPRegen  0.16/turn              A - ring of protection from fire
MPRegen  0.11/turn              (no ring)

@: slowed, very slow
A: negative energy resistance 1, electricity resistance, unbreathing,
petrification resistance, rot immunity, AC +5
a: no special abilities


You were on level 6 of the Dungeon.
You were not hungry.

You visited 2 branches of the dungeon, and saw 7 of its levels.

You collected 327 gold pieces.

Inventory:

Hand Weapons
 a - a +0 flail
 x - a +0 mace of holy wrath (weapon)
 D - a +0 shortbow of flaming
Missiles
 h - 100 stones (quivered)
 q - 46 sling bullets
 E - 58 arrows
 H - 8 javelins
Armour
 c - a +0 shield (worn)
 i - a +2 scale mail of cold resistance (worn)
 j - a +0 helmet (worn)
 k - a +0 pair of gloves (worn)
 y - a scarf of cloud immunity (worn)
Jewellery
 m - an uncursed ring of ice
 A - a ring of protection from fire (left hand)
Wands
 u - a wand of acid (6)
 z - a wand of digging (4)
 G - a wand of iceblast (8)
Scrolls
 g - 2 scrolls of fog
 l - a scroll of enchant armour {unknown}
 n - 2 scrolls of magic mapping {unknown}
 o - 2 scrolls of remove curse
 r - a scroll of random uselessness {unknown}
 s - 3 scrolls of identify {unknown}
 w - 5 scrolls of teleportation {unknown}
 I - a scroll of amnesia {unknown}
Potions
 b - 2 potions of mutation {unknown}
 d - a potion of might
 e - a potion of flight {unknown}
 p - 3 potions of curing {unknown}
 t - 2 potions of haste {unknown}
 v - a potion of ambrosia {unknown}
 B - a potion of degeneration {unknown}
 C - a potion of lignification {unknown}
 F - 2 potions of heal wounds {unknown}
 J - a potion of resistance {unknown}
Comestibles
 f - 4 rations
 K - 11 chunks of flesh


   Skills:
 + Level 3.8 Fighting
 + Level 9.3 Maces & Flails
 + Level 1.2 Throwing
 + Level 3.8 Armour
 + Level 3.8 Shields
 + Level 1.2 Evocations


You had 7 spell levels left.
You didn't know any spells.
Your spell library was empty.

Dungeon Overview and Level Annotations

Branches:
Dungeon (6/15)             Temple (1/1) D:4

Altars:
Ashenzari
Cheibriados
Dithmenos
Elyvilon
Gozag
Hepliaklqana
Kikubaaqudgha
Makhleb
Nemelex Xobeh
Qazlal
Ru
Sif Muna
Trog
Uskayaw
Vehumet
Wu Jian
Xom
Yredelemnul
Zin
The Shining One

Shops:
D:6 !!!


Innate Abilities, Weirdness & Mutations

You are resistant to torment.
Your stone body is resilient. (AC +5)
You are immune to poison.
You resist negative energy. (rN+)
You are resistant to electric shocks. (rElec)
You can survive without breathing.
You are immune to petrification.
You are immune to rotting.


Message History

The orc wizard mumbles some strange words.
The orc wizard blinks!
The orc wizard mumbles some strange words.
The orc wizard blinks!
The orc wizard hits you but does no damage.
The orc wizard completely misses you.
The orc wizard hits you with a +0 dagger.
You see here a quokka skeleton.
The orc wizard hits you but does no damage.
You closely miss the orc wizard.
The orc wizard is almost dead.
The orc wizard points at you and mumbles some strange words.
You feel yourself slow down. You block the ogre's attack.
The orc wizard hits you but does no damage.
You hit the orc wizard.
The orc wizard is almost dead.
You block the orc wizard's attack.
The orc wizard hits you with a +0 dagger.
The ogre hits you with a +0 giant spiked club!!
You die...

#### #....##### ... #....#.... ..
#....'.... # #. #....#....
.#.###.############### #....####'
...........#.....>#..#####.......
#..........#......#...# #.......
'.....[....#...o..#...# #.......
#..........)...O@.'...# #.......
##.##.###..#......########.......
## #..#######..........#####
.$...# #..........# .......#
#..........# .........#
#...÷......#
#+######+######..........#
.........######'###
.......).#........#


You could see an ogre and an orc wizard.

Vanquished Creatures
  A hungry ghost (D:5)
  A sky beast (D:6)
  An ogre (D:4)
  3 centaurs
  2 bullfrogs
  A scorpion (D:5)
  4 hounds
  A jelly (D:5)
  An orc priest (D:4)
  Ijyb (D:5)
  An iguana (D:4)
  2 worker ants
  A killer bee zombie (D:5)
  A hound skeleton (D:5)
  7 adders
  5 worms
  3 dart slugs (D:1)
  8 leopard geckos
  12 orcs
  2 ball pythons
  9 bats
  4 giant cockroaches
  4 goblins
  8 hobgoblins
  7 jackals
  2 quokkas
  4 frilled lizards
  7 kobolds
  9 rats
112 creatures vanquished.

Notes
Turn   | Place    | Note
-------+----------+-------------------------------------------
     0 | D:1      | NochnoyZador the Gargoyle Fighter began the quest for the
                  | Orb.
     0 | D:1      | Reached XP level 1. HP: 14/14 MP: 1/1
   127 | D:1      | Reached XP level 2. HP: 19/19 MP: 2/2
   231 | D:1      | Reached skill level 3 in Maces & Flails
   369 | D:1      | Reached XP level 3. HP: 23/23 MP: 3/3
   868 | D:2      | Found a basalt altar of Yredelemnul.
   897 | D:2      | Reached skill level 4 in Maces & Flails
   909 | D:2      | Reached XP level 4. HP: 23/28 MP: 4/4
  1126 | D:2      | Found an ornate altar of the Wu Jian Council.
  1422 | D:3      | Found a radiant altar of Vehumet.
  1755 | D:3      | Reached skill level 5 in Maces & Flails
  1842 | D:3      | Reached XP level 5. HP: 32/32 MP: 5/5
  2146 | D:4      | Noticed an ogre
  2159 | D:4      | Killed an ogre
  2159 | D:4      | Reached skill level 6 in Maces & Flails
  2159 | D:4      | Reached XP level 6. HP: 19/37 MP: 6/6
  2518 | D:4      | Found a staircase to the Ecumenical Temple.
  2537 | Temple   | Entered the Ecumenical Temple
  3267 | D:5      | Entered Level 5 of the Dungeon
  3268 | D:5      | Reached skill level 7 in Maces & Flails
  3293 | D:5      | Reached XP level 7. HP: 17/41 MP: 7/7
  3578 | D:5      | Reached skill level 8 in Maces & Flails
  3618 | D:5      | Noticed Ijyb
  3662 | D:5      | Killed Ijyb
  3880 | D:5      | Noticed a hungry ghost
  3916 | D:5      | Killed a hungry ghost
  3916 | D:5      | Reached skill level 9 in Maces & Flails
  3916 | D:5      | Reached XP level 8. HP: 34/46 MP: 8/8
  4129 | D:6      | Found Zakliob's Distillery.
  4202 | D:6      | Found Plog's Distillery.
  4222 | D:6      | Found Ifeoppol's Distillery.
  4286 | D:6      | Reached skill level 1 in Throwing
  4286 | D:6      | Reached skill level 1 in Evocations
  4368 | D:6      | Slain by an ogre

Skill      XL: |  1  2  3  4  5  6  7  8 |
---------------+-------------------------+-----
Maces & Flails | 3 4 5 6 7 9 |  9.3
Throwing       | 1 |  1.2
Evocations     | 1 |  1.2
Fighting       | |  3.8
Armour         | |  3.8
Shields        | |  3.8

Action                   |  1- 3 |  4- 6 |  7- 9 || total
-------------------------+-------+-------+-------++-------
Melee: Flail             |   132 |   137 |       ||   269
       Mace              |       |    70 |   216 ||   286
Throw: Stone             |       |    23 |    35 ||    58
  Use: Scroll            |       |     2 |       ||     2
  Eat: Chunk             |       |     8 |     3 ||    11
       Ration            |       |       |     3 ||     3
Armor: Scale mail        |   101 |    98 |   148 ||   347
Dodge: Dodged            |    47 |    76 |    71 ||   194
Block: Shield            |    82 |   107 |   119 ||   308
